 Dungeon Crawl Stone Soup version 0.28-a0-474-g535839065c (webtiles) character file.

Game seed: 4629987412892066806

3871 robertstho the Grappler (level 10, -2/98 HPs)
             Began as a Troll Delver on Sept 15, 2021.
             Was an Initiate of Gozag.
             Slain by a fire elemental (14 damage)
             ... summoned by a deep elf pyromancer
             ... on level 8 of the Dungeon.
             The game lasted 00:10:57 (6602 turns).

robertstho the Grappler (Troll Delver)              Turns: 6602, Time: 00:10:58

Health: -2/98      AC: 11    Str: 31    XL:     10   Next: 0%
Magic:  9/9        EV: 11    Int:  6    God:    Gozag
Gold:   632        SH:  5    Dex: 11    Spells: 9/9 levels left

rFire   . . .      SeeInvis .     - Unarmed
rCold   . . .      Faith    .   (no shield)
rNeg    . . .      Spirit   .   t - +2 steam dragon scales
rPois   +          Reflect  +   (helmet restricted)
rElec   .          Harm     .   h - +0 cloak
rCorr   +          Rampage  .   (gloves unavailable)
Will    +....                   (boots unavailable)
Stlth   ++........              F - amulet "Yfeilugy" {Reflect Will+ rCorr SH+5}
HPRegen 1.26/turn               C - +6 ring of strength
MPRegen 0.11/turn               B - ring of poison resistance

@: no status effects
A: large, unfitting armour, claws 3, regeneration 1, shaggy fur 1, tough skin 1
a: Renounce Religion, Potion Petition, Call Merchant, Bribe Branch


You were on level 8 of the Dungeon.
You worshipped Gozag.
Gozag was pleased with you.
You visited 1 branch of the dungeon, and saw 8 of its levels.
You also visited: Ossuary and Bailey.

You collected 1975 gold pieces.
You spent 924 gold pieces at shops.
You paid 419 gold pieces to Gozag.

Inventory:

Missiles
 v - 2 throwing nets (quivered)
Armour
 h - a +0 cloak (worn)
 t - +2 steam dragon scales (worn)
Jewellery
 A - a ring of see invisible
 B - a ring of poison resistance (right claw)
 C - a +6 ring of strength (left claw)
 D - a +4 ring of evasion
 F - the amulet "Yfeilugy" (around neck) {Reflect Will+ rCorr SH+5}
   (You bought it in a shop on level 5 of the Dungeon)

   [amulet of reflection]

   It reflects blocked missile attacks.
   rCorr:     It protects you from acid and corrosion.
   SH:        It affects your SH (+5).
   Will:      It increases your willpower.
Wands
 f - a wand of digging (3)
 q - a wand of iceblast (7)
 u - a wand of paralysis (1)
 y - a wand of flame (20)
Scrolls
 b - 2 scrolls of fog
 c - a scroll of magic mapping
 d - 4 scrolls of fear
 p - a scroll of holy word {unknown}
 r - 4 scrolls of teleportation
 s - a scroll of enchant armour {unknown}
 x - a scroll of blinking
Potions
 a - a potion of haste
 e - a potion of brilliance
 g - a potion of berserk rage {unknown}
 i - a potion of magic {unknown}
 j - 9 potions of curing
 k - 2 potions of cancellation {unknown}
 l - 2 potions of degeneration {unknown}
 m - 4 potions of lignification {unknown}
 n - a potion of ambrosia {unknown}
 o - 4 potions of flight
 w - 2 potions of resistance {unknown}
 z - a potion of invisibility {unknown}


   Skills:
 * Level 6.2 Fighting
 * Level 5.2 Armour
 + Level 4.7 Dodging
 - Level 2.7 Stealth
 + Level 0.4 Shields
 + Level 9.6 Unarmed Combat
 + Level 0.1 Evocations


You had 9 spell levels left.
You didn't know any spells.
Your spell library contained the following spells:

 Spells                   Type           Power      Damage    Failure   Level
 Beastly Appendage        Tmut           0%         N/A       45%         1
 Magic Dart               Conj           0%         1d3       45%         1
 Sandblast                Erth           0%         2d4       45%         1
 Blink                    Tloc           N/A        N/A       58%         2
 Call Imp                 Summ           0%         N/A       58%         2
 Corpse Rot               Necr/Air       N/A        N/A       58%         2
 Passwall                 Tmut/Erth      0%         N/A       58%         2
 Poisonous Vapours        Pois/Air       0%         N/A       58%         2
 Wereblood                Tmut           0%         N/A       58%         2
 Mephitic Cloud           Conj/Pois/Air  0%         N/A       83%         3
 Portal Projectile        Hex/Tloc       0%         N/A       83%         3
 Spider Form              Tmut/Pois      0%         N/A       83%         3
 Stone Arrow              Conj/Erth      0%         3d7       83%         3
 Swiftness                Air            0%         N/A       83%         3
 Cause Fear               Hex            0%         N/A       99%         4
 Summon Lightning Spire   Summ/Air       0%         N/A       99%         4
 Blade Hands              Tmut           0%         N/A       100%        5
 Excruciating Wounds      Necr           0%         N/A       100%        5
 Manifold Assault         Tloc           0%         N/A       100%        5
 Invisibility             Hex            0%         N/A       100%        6
 Dragon Form              Tmut           0%         N/A       100%        7
 Storm Form               Tmut/Air       0%         N/A       100%        7
 Maxwell's Capacitive Co  Air            0%         ∞         100%        8
 Dragon's Call            Summ           0%         N/A       100%        9


Dungeon Overview and Level Annotations

Branches:
Dungeon (8/15)             Temple (0/1) D:7         Ossuary (visited)
 Bailey (visited)
   Lair: D:8-11

Altars:
Dithmenos
Elyvilon
Gozag
Hepliaklqana
Makhleb
Wu Jian
Xom

Shops:
D:4 *   D:5 =

Annotations:
D:7 Prince Ribbit


Innate Abilities, Weirdness & Mutations

You are too large for most types of armour.
You have claws for hands.
Your natural rate of healing is unusually fast.
You are covered in fur. (AC +1)
You have tough skin. (AC +1)


Message History

You are too injured to fight recklessly!
You are too injured to fight recklessly!
You are too injured to fight recklessly!
You are too injured to fight recklessly!
You are too injured to fight recklessly!
You are too injured to fight recklessly!
Unknown command.
You mangle the deep elf pyromancer!!
The deep elf pyromancer is severely wounded.
The deep elf pyromancer mumbles some strange words.
The deep elf pyromancer blinks!
The fire elemental hits you. The fire elemental burns you!
The fire elemental hits you. The fire elemental burns you!
* * * LOW HITPOINT WARNING * * *
The deep elf pyromancer gestures wildly while chanting.
The deep elf pyromancer blinks!
You claw the deep elf pyromancer!
The deep elf pyromancer is severely wounded.
The fire elemental hits you. The fire elemental burns you!
* * * LOW HITPOINT WARNING * * *
You block the fire elemental's attack.
The deep elf pyromancer points at you and mumbles some strange words.
The sticky flame misses you.
The sticky flame misses the fire elemental.
The fire elemental barely misses you.
You barely miss the deep elf pyromancer.
The deep elf pyromancer is severely wounded.
You block the fire elemental's attack.
The deep elf pyromancer gestures at you while chanting.
The bolt of fire hits you!
* * * LOW HITPOINT WARNING * * *
The bolt of fire hits the fire elemental.
The fire elemental completely resists.
The fire elemental barely misses you.
You closely miss the deep elf pyromancer.
The deep elf pyromancer is severely wounded.
The fire elemental hits you.
* * * LOW HITPOINT WARNING * * *
The fire elemental burns you!
You die...
Your body crumbles into a pile of gold.

≈≈≈≈≈≈#.....# ########.,,,,,_,,
≈.≈####.....# #........,,,,,,,,
............### #......##.P..).,,
..............###......##.P.PPPP,
............#..##......#...(....,
............##.##......#........,
............##.##......#.......#*
#...........##.#.E.°...........#
#..............e@E°............##
#................................
#............#.......###.......##
#..........<.#.......# #........#
#............#.......# #.........
#............#.......# #.........
............##.......# #.≈≈≈≈≈≈≈.
............##.......###.≈##.##≈.
............##...........≈#)))#≈.


You could see a deep elf pyromancer and 2 fire elementals.

Vanquished Creatures
  Maggie (D:6)
  A troll (D:6)
  A spriggan (D:7)
  2 steam dragons
  2 sky beasts (D:6)
  3 ice beasts
  A black bear (D:6)
  2 orc warriors
  A necrophage (D:7)
  An ogre (D:4)
  2 centaurs
  A phantom (D:6)
  Blork the orc (D:6)
  A gnoll sergeant (D:8)
  3 bullfrogs
  2 scorpions (D:4)
  12 killer bees
  A howler monkey (D:5)
  A centaur zombie (D:7)
  A hound (D:6)
  A gnoll shaman (D:7)
  A jelly (D:7)
  2 orc priests (D:6)
  Crazy Yiuf (D:6)
  2 iguanas
  4 orc wizards
  A hound skeleton (D:4)
  8 mummies (Ossuary)
  A howler monkey zombie (D:7)
  13 gnolls
  6 adders
  A white imp (D:6)
  An ufetubus (D:4)
  An adder skeleton (D:4)
  2 worms
  3 dart slugs (D:1)
  19 orcs
  7 bats
  8 endoplasms
  2 giant cockroaches
  A gnoll zombie (Ossuary)
  11 goblins
  7 hobgoblins
  4 jackals (D:2)
  5 kobolds
  3 quokkas
  3 ball pythons
  2 frilled lizards (D:1)
  4 kobold zombies (Ossuary)
  3 orc zombies (Ossuary)
  4 rats
171 creatures vanquished.

Vanquished Creatures (collateral kills)
  A water moccasin skeleton (D:6)
  3 orcs (D:6)
4 creatures vanquished.

Vanquished Creatures (others)
  2 bushes (D:6)
2 creatures vanquished.

Grand Total: 177 creatures vanquished

Notes
Turn   | Place    | Note
-------+----------+-------------------------------------------
     0 | D:5      | robertstho the Troll Delver began the quest for the Orb.
     0 | D:5      | Reached XP level 1. HP: 22/22 MP: 0/0
    42 | D:5      | Found an ornate altar of the Wu Jian Council.
    98 | D:5      | Found an opulent altar of Gozag.
   104 | D:5      | Noticed a howler monkey
   108 | D:5      | Became a worshipper of Gozag Ym Sagoz the Greedy
   121 | D:5      | Killed a howler monkey
   122 | D:5      | Reached skill level 1 in Armour
   122 | D:5      | Reached XP level 2. HP: 30/31 MP: 1/1
   122 | D:5      | Reached XP level 3. HP: 35/37 MP: 2/2
   126 | D:5      | Noticed a centaur
   165 | D:4      | Reached XP level 4. HP: 45/45 MP: 3/3
   176 | D:4      | Noticed a scorpion
   180 | D:4      | Noticed an ice beast
   191 | D:4      | Killed a scorpion
   194 | D:4      | Killed an ice beast
   195 | D:4      | Reached skill level 3 in Unarmed Combat
   195 | D:4      | Reached XP level 5. HP: 17/54 MP: 4/4
   231 | D:4      | Found a sand-covered staircase.
   235 | Ossuary  | Entered an ossuary
   268 | Ossuary  | Reached XP level 6. HP: 62/62 MP: 5/5
   543 | D:4      | Found Garphu's General Store.
   553 | D:4      | Bought a scroll of teleportation for 33 gold pieces
   553 | D:4      | Bought a potion of flight for 33 gold pieces
   553 | D:4      | Bought a scroll of teleportation for 33 gold pieces
   553 | D:4      | Bought a potion of curing for 33 gold pieces
   553 | D:4      | Bought a potion of haste for 110 gold pieces
   670 | D:4      | Found a white marble altar of Elyvilon.
   694 | D:4      | Reached skill level 4 in Unarmed Combat
   930 | D:3      | Reached XP level 7. HP: 70/70 MP: 6/6
  1096 | D:3      | Found a faded altar of an unknown god.
  2699 | D:1      | Reached skill level 5 in Unarmed Combat
  3074 | D:5      | Found a burning altar of Makhleb.
  3074 | D:5      | Noticed a green death
  3539 | D:5      | Bought a ring of poison resistance for 200 gold pieces
  3601 | D:6      | Noticed a steam dragon
  3612 | D:6      | Killed a steam dragon
  3690 | D:6      | Reached skill level 6 in Unarmed Combat
  3690 | D:6      | Reached XP level 8. HP: 22/79 MP: 7/7
  3767 | D:6      | Noticed a troll
  3775 | D:6      | HP: 3/79 [troll (14)]
  3776 | D:6      | Killed a troll
  3893 | D:6      | Reached skill level 5 in Fighting
  3964 | D:6      | Reached skill level 7 in Unarmed Combat
  4143 | D:6      | Noticed Blork the orc
  4148 | D:6      | Killed Blork the orc
  4208 | D:6      | Noticed Maggie
  4220 | D:6      | Killed Maggie
  4221 | D:6      | Reached XP level 9. HP: 63/88 MP: 8/8
  4231 | D:6      | Reached skill level 8 in Unarmed Combat
  4332 | D:6      | Found a shadowy altar of Dithmenos.
  4444 | D:6      | Found a runed translucent door.
  4445 | D:6      | Noticed Crazy Yiuf
  4838 | D:6      | Killed Crazy Yiuf
  4940 | D:7      | Found a faded altar of an unknown god.
  4944 | D:7      | Paralysed by a spriggan for 2 turns
  4959 | D:7      | Paralysed by a spriggan for 5 turns
  4969 | D:7      | Found a hazy altar of Hepliaklqana.
  5038 | D:7      | Reached skill level 9 in Unarmed Combat
  5229 | D:7      | Noticed Prince Ribbit
  5242 | D:7      | Reached skill level 5 in Armour
  5771 | D:7      | Found a staircase to the Ecumenical Temple.
  5882 | D:5      | Bought the amulet "Yfeilugy" {Reflect Will+ rCorr SH+5} for
                  | 482 gold pieces
  6161 | D:8      | Found a flagged portal.
  6177 | Bailey   | Entered a bailey
  6187 | Bailey   | Noticed an orc knight
  6187 | Bailey   | Noticed an orc knight
  6316 | D:8      | Reached XP level 10. HP: 68/98 MP: 9/9
  6566 | D:8      | Found a shimmering altar of Xom.
  6567 | D:8      | Found a shimmering altar of Xom.
  6568 | D:8      | Found a shimmering altar of Xom.
  6587 | D:8      | Noticed a deep elf pyromancer
  6602 | D:8      | Slain by a fire elemental

Illustrated notes

Levels and vault maps discovered:
D:1:      scummos_arrival_hexagon, layout_loops_ring, lemuel_old_faithful
D:2:      layout_loops_corners
D:3:      layout_basic, chequers_ecumenical_altar_simple, minmay_misc_feat_rows
D:4:      layout_rooms, kennysheep_little_box,
          lightli_ossuary_entry_decrepit_ruins, serial_shops,
          nicolae_diamond_shop
D:5:      layout_basic, makhleb_altar_promises_db, grunt_gozag_statues,
          amcnicky_altar_gilded
D:6:      layout_basic, mainiacjoe_overflow_chevrons, uniq_maggie,
          uniq_blork_the_orc, uniq_crazy_yiuf_cottage
D:7:      layout_basic, beargit_hepliaklqana_dungeon_heroes,
          lemuel_temple_firewalk_b, minivault_22, small_statue_intersection,
          kennysheep_generic_room_10, uniq_prince_ribbit1
D:8:      layout_basic, mainiacjoe_overflow_cross_hatched, xom_shifter_show,
          enter_bailey_3, chequers_serial_rivers_small_3

Skill      XL: |  1  2  3  4  5  6  7  8  9 |
---------------+----------------------------+-----
Fighting       | 3 4 5 6 |  6.2
Armour         | 1 2 3 4 5 |  5.2
Dodging        | 2 3 4 |  4.7
Unarmed Combat | 3 4 6 7 9 |  9.6
Stealth        | |  2.7
Shields        | |  0.4
Evocations     | |  0.1

Action                   |  1- 3 |  4- 6 |  7- 9 | 10-12 || total
-------------------------+-------+-------+-------+-------++-------
Melee: Unarmed           |    20 |   107 |   399 |    12 ||   538
       Punch             |       |     1 |     9 |     2 ||    12
Invok: Call Merchant     |       |       |     1 |       ||     1
Evoke: Wand              |       |       |     2 |       ||     2
  Use: Potion            |       |     1 |     5 |       ||     6
       Scroll            |       |       |    10 |       ||    10
 Stab: Sleeping          |     1 |     3 |     8 |       ||    12
       Distracted        |       |       |     2 |       ||     2
Armor: Robe              |     5 |    26 |    74 |       ||   105
       Steam dragon scal |       |       |    54 |    11 ||    65
Dodge: Dodged            |     7 |    45 |   205 |     8 ||   265
Block: Other             |       |       |    23 |     4 ||    27
       Reflection        |       |       |     1 |       ||     1

Table legend: (Time is in decaauts)
 A = Elapsed time spent in this place.
 B = Non-inter-level travel time spent in this place.
 C = Inter-level travel time spent in this place.
 D = Time resting spent in this place.
 E = Time spent auto-exploring this place.
 F = Levels seen in this place.
 G = Mean time per level.
                   A        B        C        D        E       F      G
               +--------+--------+--------+--------+--------+-----+--------+
         Total |   6494 |   6000 |    494 |    202 |   4505 |  10 |  649.4 |
       Dungeon |   6251 |   5757 |    494 |    202 |   4373 |   8 |  781.4 |
       Ossuary |    229 |    229 |      0 |      0 |    132 |   1 |  229.0 |
        Bailey |     13 |     13 |      0 |      0 |      0 |   1 |   13.0 |
               +--------+--------+--------+--------+--------+-----+--------+

Top non-repeatable levels by time:
     D:6: 1331 daAuts
     D:2: 934 daAuts
     D:7: 932 daAuts
     D:5: 840 daAuts
     D:1: 683 daAuts
     D:8: 577 daAuts
     D:4: 498 daAuts
     D:3: 453 daAuts
 Ossuary: 229 daAuts
  Bailey: 13 daAuts
